AoeStats
← BN27

Arena

508198325Analyzed
1v1 RM · 12d ago on Sep 21, 2026· 27m 47s· 2 players
Game mode
Random Map
Map size
Tiny (2 player)
Population
200
Speed
Normal
Resources
Standard
Victory
Conquest
Starting age
Dark Age
Ending age
Imperial Age
RankedLock teamsTeams togetherTeam positionsShared explorationLock speedFull tech treeHidden civsTurbo modeCheats
Victory
Defeat
🇩🇪 Teutons · Germany
1726
+16
🇨🇳 Teutons · China
1730
-16
BN27
8:27 Loom
10:13 Feudal Age
11:22 Town Watch
11:35 Double-Bit Axe
13:26 Wheelbarrow
16:08 Wheelbarrow
15:26 Fletching
15:40 Horse Collar
21:31 Wheelbarrow
23:03 Castle Age
21:58 Gold Mining
22:59 Wheelbarrow
22:17 Stone Mining
23:59 Bodkin Arrow
23:29 Crossbowman
24:53 Guard Tower
27:13 Bow Saw
张献忠
5:07 Loom
8:44 Feudal Age
9:45 Double-Bit Axe
12:18 Town Watch
18:50 Fletching
23:25 Wheelbarrow
28:24 Castle Age
27:14 Gold Mining
27:06 Horse Collar
Connection lost

Rejoining the realm…

Still unreachable

The connection could not be restored.

Session expired

The server has moved on; the page needs a fresh start.